 Dungeon Sprint DCSS version 0.23.0 (webtiles) character file.

Game seed: 1633980719528193026

1267 Infinimo the Martial Artist (level 8, -6/67 HPs)
             Began as a Merfolk Transmuter on Feb 17, 2019.
             Was a Believer of Okawaru.
             Mangled by a centaur warrior (14 damage)
             ... in the Dungeon (Sprint I: "Red Sonja").
             The game lasted 00:01:46 (425 turns).

Infinimo the Martial Artist (Merfolk Transmuter)     Turns: 425, Time: 00:01:47

Health: -6/67      AC:  2    Str: 12    XL:     8   Next: 53%
Magic:  5/11       EV: 18    Int: 12    God:    Okawaru [**....]
Gold:   405        SH:  0    Dex: 15    Spells: 2/11 levels left

rFire    . . .     SeeInvis .     - Unarmed
rCold    . . .     Gourm    .   (shield currently unavailable)
rNeg     . . .     Faith    .   b - +0 robe
rPois    .         Spirit   .   (no helmet)
rElec    .         Reflect  .   (no cloak)
rCorr    .         Harm     .   (gloves currently unavailable)
MR       .....     NoTele   +   (no boots)
Stlth    +.........             (no amulet)
HPRegen  0.21/turn              (no ring)
MPRegen  0.12/turn              (no ring)

@: blade hands
A: change form in water, swift swim, stealthy swim
a: End Transformation, Heroism, Renounce Religion


You were in the Dungeon.
You worshipped Okawaru.
Okawaru was pleased with you.
You were not hungry.
You had blades for hands.
You visited 1 branch You collected 405 gold pieces.

Inventory:

Missiles
 a - 30 arrows
Armour
 b - a +0 robe (worn)
Wands
 i - a wand of polymorph (10)
Scrolls
 j - a scroll of blinking
Potions
 e - a potion of curing
 f - a potion of heal wounds
 g - a potion of haste
 h - 2 potions of magic
Comestibles
 c - 5 chunks of flesh
 d - a ration


   Skills:
 + Level 7.6 Fighting
 + Level 9.4 Dodging
 * Level 14.0 Unarmed Combat
 - Level 2.0 Spellcasting
 - Level 11.4 Transmutations


You had 2 spell levels left.
You knew the following spells:

 Your Spells              Type           Power        Failure   Level  Hunger
a - Beastly Appendage     Tmut           ####..       10%         1    ##.....
b - Spider Form           Tmut/Pois      ##........   41%         3    ####...
c - Blade Hands           Tmut           ####......   38%         5    ######.

Your spell library contained the following spells:

 Spells                   Type           Power        Failure   Level  Hunger
 Sticks to Snakes         Tmut           ####....     11%         2    ###....
 Ice Form                 Ice/Tmut       ##......     69%         4    #####..


Dungeon Overview and Level Annotations

Branches:
Dungeon (1/1)

Altars:
Cheibriados
Dithmenos
Elyvilon
Fedhas
Gozag
Hepliaklqana
Kikubaaqudgha
Makhleb
Nemelex Xobeh
Okawaru
Qazlal
Ru
Sif Muna
Trog
Uskayaw
Vehumet
Wu Jian
Xom
Yredelemnul
Zin
The Shining One
Jiyva
Lugonu

Shops:
D (


Message History

The centaur warrior shoots an arrow.
The arrow hits you!!
The centaur warrior is severely wounded.
The centaur warrior unwields a +0 shortbow.
You kill the centaur warrior!
Okawaru is honoured by your kill.
You can now gain great but temporary skills.
Your Fighting skill gained 2 levels and is now at level 7!
Your Dodging skill gained 2 levels and is now at level 9!
Your Unarmed Combat skill gained 2 levels and is now at level 14!
You have reached level 8!
The centaur warrior wields a +0 longbow.
The centaur warrior shoots an arrow.
The centaur warrior unwields a +0 longbow.
The centaur warrior hits you!
* * * LOW HITPOINT WARNING * * *
There is an open door, spattered with blood here.
Things that are here:
a +0 shortbow; 20 arrows; a centaur corpse The centaur warrior hits you!
You die...

######################
#<.#.)').#.)'..#__#..+
#..'..#..'..#..'..'..#
#..#####'#####'#__####
#..####..#...#.####§[#
#..#__####..##§#§§§§.#
#..#_____##'#_(§≈≈≈c§+
#⌠⌠#_.∩...÷.(§c#≈≈≈§.#
####_..__##_.#@# +####
#_____###+#(# #######
###


You could see a centaur warrior.

Vanquished Creatures
  A centaur warrior (D)
  A slime creature (D)
  A yak (D)
  Sigmund (D)
  An ogre (D)
  A jelly (D)
  Ijyb (D)
7 creatures vanquished.

Vanquished Creatures (others)
  A gargoyle (D)
1 creature vanquished.

Grand Total: 8 creatures vanquished

Notes
Turn   | Place    | Note
-------+----------+-------------------------------------------
     0 | D        | Infinimo the Merfolk Transmuter began the quest for the
                  | Orb.
     0 | D        | Reached XP level 1. HP: 15/15 MP: 3/3
     1 | D        | Noticed Ijyb
    12 | D        | Killed Ijyb
    12 | D        | Reached skill level 5 in Unarmed Combat
    12 | D        | Reached skill level 5 in Transmutations
    12 | D        | Reached XP level 2. HP: 21/21 MP: 5/5
    12 | D        | Reached XP level 3. HP: 26/26 MP: 6/6
    13 | D        | Noticed an ogre
    19 | D        | Killed an ogre
    19 | D        | Reached skill level 7 in Unarmed Combat
    19 | D        | Reached XP level 4. HP: 32/32 MP: 7/7
    52 | D        | Learned a level 3 spell: Spider Form
    93 | D        | Noticed Sigmund
   100 | D        | Killed Sigmund
   100 | D        | Reached skill level 10 in Unarmed Combat
   100 | D        | Reached XP level 5. HP: 37/37 MP: 4/8
   100 | D        | Reached XP level 6. HP: 43/43 MP: 4/9
   147 | D        | Learned a level 5 spell: Blade Hands
   147 | D        | Killed a gargoyle
   158 | D        | Found an ornate altar of the Wu Jian Council.
   158 | D        | Found a deep blue altar of Sif Muna.
   160 | D        | Found a radiant altar of Vehumet.
   225 | D        | Found Liussyne's Weapon Emporium.
   225 | D        | Found an ancient bone altar of Kikubaaqudgha.
   225 | D        | Found a hazy altar of Hepliaklqana.
   225 | D        | Found a hide-covered altar of Uskayaw.
   225 | D        | Found a basalt altar of Yredelemnul.
   225 | D        | Found an opulent altar of Gozag.
   225 | D        | Found a snail-covered altar of Cheibriados.
   225 | D        | Found a sacrificial altar of Ru.
   225 | D        | Found a shadowy altar of Dithmenos.
   225 | D        | Noticed a yak
   229 | D        | Killed a yak
   229 | D        | Reached skill level 5 in Dodging
   229 | D        | Reached skill level 11 in Unarmed Combat
   229 | D        | Reached XP level 7. HP: 51/54 MP: 4/10
   276 | D        | Found a stormy altar of Qazlal.
   276 | D        | Found a blossoming altar of Fedhas.
   276 | D        | Found a bloodstained altar of Trog.
   276 | D        | Found an iron altar of Okawaru.
   276 | D        | Found a glowing golden altar of the Shining One.
   276 | D        | Found a glowing silver altar of Zin.
   276 | D        | Found a white marble altar of Elyvilon.
   278 | D        | Found a sparkling altar of Nemelex Xobeh.
   283 | D        | Became a worshipper of Warmaster Okawaru
   295 | D        | Found a viscous altar of Jiyva.
   295 | D        | Found a corrupted altar of Lugonu.
   295 | D        | Noticed a slime creature
   296 | D        | Found a burning altar of Makhleb.
   296 | D        | Found a shimmering altar of Xom.
   300 | D        | Killed a slime creature
   300 | D        | Reached skill level 5 in Fighting
   300 | D        | Reached skill level 12 in Unarmed Combat
   366 | D        | Noticed a centaur warrior
   389 | D        | Noticed a centaur warrior
   423 | D        | Killed a centaur warrior
   423 | D        | Reached * piety under Okawaru
   423 | D        | Reached ** piety under Okawaru
   423 | D        | Reached skill level 14 in Unarmed Combat
   423 | D        | Reached XP level 8. HP: 21/67 MP: 5/11
   425 | D        | Mangled by a centaur warrior

Skill      XL: |  1  2  3  4  5  6  7 |
---------------+----------------------+-----
Unarmed Combat | 5 7 10 11 14 | 14.0
Transmutations | 5 8 11 | 11.4
Fighting       | 4 7 |  7.6
Dodging        | 5 9 |  9.4
Spellcasting   | |  2.0

Action                   |  1- 3 |  4- 6 |  7- 9 || total
-------------------------+-------+-------+-------++-------
Melee: Unarmed           |    12 |     8 |     6 ||    26
       Punch             |     1 |       |       ||     1
 Cast: Spider Form       |       |     1 |       ||     1
       Blade Hands       |       |     2 |     2 ||     4
  Use: Potion            |     1 |       |       ||     1
 Stab: Sleeping          |       |     1 |       ||     1
Dodge: Dodged            |     4 |     4 |     4 ||    12
